 Dungeon Crawl Stone Soup version 0.23.1 (webtiles) character file.

Game seed: 1353449227698217147

876 Fang the Skirmisher (level 8, -5/51 HPs)
             Began as a Gargoyle Berserker on Mar 14, 2019.
             Was a Priest of Trog.
             Slain by an ogre
             ... wielding a +0 giant club
              (16 damage)
             ... on level 5 of the Dungeon.
             The game lasted 00:04:34 (4049 turns).

Fang the Skirmisher (Gargoyle Berserker)            Turns: 4049, Time: 00:04:35

Health: -5/51      AC: 15    Str: 23    XL:     8   Next: 4%
Magic:  8/8        EV:  9    Int:  8    God:    Trog [***...]
Gold:   253        SH:  0    Dex:  9    Spells: 7/7 levels left

rFire    . . .     SeeInvis .   a - +0 hand axe
rCold    . . .     Gourm    .   (no shield)
rNeg     + . .     Faith    .   f - +0 chain mail
rPois    ∞         Spirit   .   (no helmet)
rElec    +         Reflect  .   (no cloak)
rCorr    .         Harm     .   (no gloves)
MR       ++...                  (no boots)
Stlth    ..........             (no amulet)
HPRegen  1.17/turn              (no ring)
MPRegen  0.11/turn              (no ring)

@: regenerating
A: negative energy resistance 1, electricity resistance, unbreathing,
petrification resistance, rot immunity, AC +5
a: Berserk, Trog's Hand, Renounce Religion


You were on level 5 of the Dungeon.
You worshipped Trog.
Trog was most pleased with you.
You were not hungry.

You visited 1 branch of the dungeon, and saw 5 of its levels.

You collected 253 gold pieces.

Inventory:

Hand Weapons
 a - a +0 hand axe (weapon)
Armour
 f - a +0 chain mail (worn)
Wands
 l - a wand of polymorph (2)
 q - a wand of iceblast (9)
Scrolls
 b - 2 scrolls of magic mapping {unknown}
 d - 2 scrolls of enchant armour {unknown}
 e - 2 scrolls of remove curse {unknown}
 h - a scroll of immolation {unknown}
 i - 3 scrolls of enchant weapon {unknown}
 k - 2 scrolls of fog {unknown}
 o - a scroll of fear {unknown}
 p - 2 scrolls of identify {unknown}
Potions
 j - a potion of agility {unknown}
 m - a potion of heal wounds {unknown}
 n - a potion of curing
Comestibles
 c - 8 rations
 g - 5 chunks of flesh


   Skills:
 + Level 5.8 Fighting
 + Level 4.8 Axes
 + Level 5.2 Armour
 + Level 3.9 Dodging


You had 7 spell levels left.
You didn't know any spells.
Your spell library was empty.

Dungeon Overview and Level Annotations

Branches:
Dungeon (5/15)
 Temple: D:4-7

Altars:
Ashenzari
Cheibriados
Zin

Shops:
D:4 (


Innate Abilities, Weirdness & Mutations

You are resistant to torment.
Your stone body is resilient. (AC +5)
You are immune to poison.
You resist negative energy. (rN+)
You are resistant to electric shocks. (rElec)
You can survive without breathing.
You are immune to petrification.
You are immune to rotting.


Message History

The worker ant closely misses you.
You hit the ogre.
The ogre is moderately wounded.
You hit the iguana but do no damage. You closely miss the killer bee.
You closely miss the adder. You barely miss the worker ant.
The killer bee stings you.
* * * LOW HITPOINT WARNING * * *
The iguana bites you but does no damage.
The ogre barely misses you. The hound bites you but does no damage.
The adder closely misses you.
The killer bee stings you but does no damage.
The worker ant bites you but does no damage.
Your skin crawls.
You feel resistant to hostile enchantments.
You feel somewhat more hungry.
The killer bee stings you but does no damage.
The hound barely misses you. Something hits you but does no damage.
The iguana barely misses you. The adder bites you but does no damage.
The ogre hits you with a +0 giant club!
You die...

#...#.#.#......
#..........?... #
#...###../..... #...
#........ #
#...###.########.#
...................
....................
...........Sa{......
....##..hy@.......
.... #...lOh......
... #............ ..
#............
#............
#............
#............
#............


You could see an ogre, an iguana, 2 hounds, a worker ant, a killer bee and an
adder.

Vanquished Creatures
  Sigmund (D:2)
  Duvessa (D:4)
  An ogre (D:4)
  Dowan (D:4)
  A scorpion (D:5)
  Crazy Yiuf (D:2)
  A bullfrog skeleton (D:4)
  2 orc priests (D:5)
  A centaur skeleton (D:4)
  3 worker ants (D:4)
  Natasha (thrice) (D:3)
  3 adders
  An ooze (D:4)
  An adder skeleton (D:4)
  3 worms (D:3)
  A dart slug (D:2)
  5 leopard geckos
  3 orcs
  4 ball pythons
  8 bats
  3 giant cockroaches
  7 goblins
  7 hobgoblins
  11 jackals
  12 kobolds
  3 quokkas
  4 frilled lizards
  9 rats
101 creatures vanquished.

Notes
Turn   | Place    | Note
-------+----------+-------------------------------------------
     0 | D:1      | Fang the Gargoyle Berserker began the quest for the Orb.
     0 | D:1      | Reached XP level 1. HP: 14/14 MP: 1/1
    55 | D:1      | Reached XP level 2. HP: 18/19 MP: 2/2
   307 | D:1      | Reached ** piety under Trog
   426 | D:1      | Reached XP level 3. HP: 23/23 MP: 3/3
   934 | D:2      | Noticed Sigmund
   948 | D:2      | Killed Sigmund
   948 | D:2      | Reached XP level 4. HP: 30/30 MP: 4/4
   948 | D:2      | Reached XP level 5. HP: 34/34 MP: 5/5
  1137 | D:2      | Found a snail-covered altar of Cheibriados.
  1146 | D:2      | Found a shattered altar of Ashenzari.
  1387 | D:2      | Found a runed translucent door.
  1388 | D:2      | Noticed Crazy Yiuf
  1444 | D:2      | Found a glowing silver altar of Zin.
  1615 | D:2      | Killed Crazy Yiuf
  1615 | D:2      | Reached XP level 6. HP: 39/39 MP: 6/6
  1844 | D:3      | Noticed Natasha
  1867 | D:3      | Killed Natasha
  1949 | D:3      | Noticed Natasha
  1976 | D:3      | Killed Natasha
  2349 | D:3      | Noticed Natasha
  2350 | D:3      | Reached *** piety under Trog
  2362 | D:3      | Killed Natasha
  3044 | D:4      | Noticed Duvessa
  3044 | D:4      | Noticed Dowan
  3053 | D:4      | Killed Duvessa
  3053 | D:4      | Reached skill level 5 in Fighting
  3053 | D:4      | Reached XP level 7. HP: 44/44 MP: 7/7
  3066 | D:4      | Killed Dowan
  3419 | D:4      | Reached skill level 5 in Armour
  3671 | D:4      | Found Koca Von's Antique Weapon Boutique.
  3887 | D:5      | Entered Level 5 of the Dungeon
  3992 | D:5      | Reached XP level 8. HP: 45/51 MP: 8/8
  4049 | D:5      | Slain by an ogre

Skill      XL: |  1  2  3  4  5  6  7 |
---------------+----------------------+-----
Axes           | 3 4 |  4.8
Dodging        | 2 3 |  3.9
Fighting       | 4 5 |  5.8
Armour         | 3 4 5 |  5.2

Action                   |  1- 3 |  4- 6 |  7- 9 || total
-------------------------+-------+-------+-------++-------
Melee: Hand axe          |   125 |   190 |   141 ||   456
       Unarmed           |       |    27 |       ||    27
Invok: Berserk           |     1 |     5 |     1 ||     7
       Trog's Hand       |       |       |     2 ||     2
  Eat: Chunk             |       |    12 |     6 ||    18
Armor: Animal skin       |    13 |       |       ||    13
       Scale mail        |    30 |       |       ||    30
       Chain mail        |    25 |   137 |   153 ||   315
Dodge: Dodged            |    69 |   123 |   118 ||   310
